 Dungeon Crawl Stone Soup version 0.31-a0-854-g362426d53f (webtiles) character file.

Game seed: 1735233759155774548

9 Kurtz the Sneak (level 2, 0/28 HPs)
             Began as a Naga Delver on Oct 8, 2023.
             Slain by an ufetubus (2 damage)
             ... on level 5 of the Dungeon.
             The game lasted 00:00:23 (134 turns).

Kurtz the Sneak (Naga Delver)                        Turns: 134, Time: 00:00:23

Health: 0/28       AC:  6    Str: 14    XL:     2   Next: 16%
Magic:  2/2        EV:  7    Int: 10    God:
Gold:   9          SH:  0    Dex: 12    Spells: 1/1 levels left

rFire   . . .        a - +0 hand axe
rCold   . . .        (no shield)
rNeg    . . .        h - +0 scale mail
rPois   +            i - +2 helmet
rElec   .            (no cloak)
rCorr   .            (no gloves)
SInv    +            (no barding)
Will    .....        (no amulet)
Stlth   ++           (no ring)
HPRegen 0.24/turn    (no ring)
MPRegen 0.08/turn

%: no passive effects
@: very slow
A: AC +0, large, see invisible, deformed body, poison resistance, slowness 2,
spit poison 1, naga tail 1
a: Spit Poison


You were on level 5 of the Dungeon.
You visited 1 branch of the dungeon, and saw 1 of its levels.

You collected 9 gold pieces.

Inventory:

Hand Weapons
 a - a +0 hand axe (weapon)
Armour
 b - a +0 leather armour
 h - a +0 scale mail (worn)
 i - a +2 helmet (worn)
Wands
 g - a wand of digging (3)
Scrolls
 c - a scroll of fog
 d - a scroll of revelation
 e - a scroll of fear
Potions
 f - a potion of haste


   Skills:
 - Level 3.0 Fighting
 * Level 2.8 Axes
 - Level 1.5 Dodging
 - Level 7.2 Stealth


You had one spell level left.
You didn't know any spells.
Your spell library was empty.

Dungeon Overview and Level Annotations

Branches:
Dungeon (5/15)
 Temple: D:4-7

Altars:
Ashenzari

Annotations:
D:5 Sigmund


Innate Abilities, Weirdness & Mutations

Your serpentine skin is tough. (AC +0)
You have supernaturally acute eyesight. (SInv)
Armour fits poorly on your strangely shaped body.
Your system is resistant to poisons. (rPois)
You cover ground very slowly.
You can spit poison.
You have a snake-like lower body.


Message History

An ufetubus comes into view.
A gnoll comes into view. It is wielding a +0 flail.
Found a robe.
The ufetubus shouts!
You hear a shout! x3
A gnoll comes into view. It is wielding a +0 club.
A gnoll comes into view. It is wielding a +0 whip.
The gnoll moves out of view.
You hear a shout!
You hear an angry hiss.
A gnoll comes into view.
It is wielding a +0 club and quivering poisoned darts.
The gnoll moves out of view.
You see here an adder corpse.
The ufetubus hits you but does no damage.
The ufetubus hits you. The ufetubus attacks as it pursues you!
The ufetubus hits you.
The ufetubus hits you but does no damage. x2
The ufetubus hits you.
The ufetubus hits you but does no damage. x2
The ufetubus hits you but does no damage.
The ufetubus barely misses you.
The ufetubus hits you but does no damage.
The ufetubus hits you. The ufetubus barely misses you.
The ufetubus closely misses you. The ufetubus attacks as it pursues you!
The ufetubus hits you but does no damage.
The ufetubus hits you. x3
You are too injured to fight recklessly!
Unknown command.
You are too injured to fight recklessly!
You are too injured to fight recklessly!
Unknown command.
You are too injured to fight recklessly!
You closely miss the ufetubus. The ufetubus hits you.
* * * LOW HITPOINT WARNING * * *
The ufetubus hits you.
* * * LOW HITPOINT WARNING * * *
You are too injured to fight recklessly!
You hit the ufetubus.
The ufetubus is lightly wounded.
The ufetubus hits you.
You die...

##. ... #..
..# #
#.#######.##
#
#..........#
#
##..###.....#
# ##..##
##....# #
##..##
##...###
##..##
##..... #@.##
##...# #5##
##..# #g# #
#..# #.## .#
#..#
#..###..#
...# ##.....#
....#
##†##....
....# #.# ##
.....# #.#


You could see a gnoll and an ufetubus.

Vanquished Creatures
  An adder (D:5)
1 creature vanquished.

Notes
Turn   | Place    | Note
-------+----------+-------------------------------------------
     0 | D:5      | Kurtz the Naga Delver began the quest for the Orb.
     0 | D:5      | Reached XP level 1. HP: 21/21 MP: 1/1
     3 | D:5      | Noticed a hound
    49 | D:5      | Found a broken altar of Ashenzari.
    51 | D:5      | Noticed Sigmund
   122 | D:5      | Reached XP level 2. HP: 25/28 MP: 2/2
   134 | D:5      | Slain by an ufetubus

Illustrated notes

Levels and vault maps discovered:
D:5:      minmay_bubble_buster, layout_basic, cheibrodos_ashenzari_chains,
          nemelex_spade_bored_becter, uniq_sigmund

Action                     || total
---------------------------++-------
  Melee: Hand axe          ||     9
 Armour: Scale mail        ||    25
  Dodge: Dodged            ||     7

Table legend: (Time is in decaauts)
 A = Elapsed time spent in this place.
 B = Non-inter-level travel time spent in this place.
 C = Inter-level travel time spent in this place.
 D = Time resting spent in this place.
 E = Time spent auto-exploring this place.
 F = Levels seen in this place.
 G = Mean time per level.
                   A        B        C        D        E       F      G
               +--------+--------+--------+--------+--------+-----+--------+
         Total |    178 |    178 |      0 |      0 |     45 |   1 |  178.0 |
       Dungeon |    178 |    178 |      0 |      0 |     45 |   1 |  178.0 |
               +--------+--------+--------+--------+--------+-----+--------+

Top non-repeatable levels by time:
     D:5: 178 daAuts
